 Dungeon Crawl Stone Soup version 0.31-a0-845-g9abc20d24f (webtiles) character file.

Game seed: 6698984292048661694

100 Alfie the Trooper (level 4, -1/41 HPs)
             Began as a Hill Orc Fighter on Oct 2, 2023.
             Slain by a gnoll sergeant
             ... wielding a +1 spear of flaming
              (2 damage)
             ... on level 3 of the Dungeon.
             The game lasted 00:03:44 (1647 turns).

Alfie the Trooper (Hill Orc Fighter)                Turns: 1647, Time: 00:03:44

Health: -1/41      AC:  7    Str: 20    XL:     4   Next: 74%
Magic:  4/4        EV:  9    Int:  8    God:
Gold:   60         SH:  4    Dex: 10    Spells: 3/3 levels left

rFire   . . .        a - +1 long sword
rCold   . . .        c - +0 buckler
rNeg    . . .        b - +0 scale mail
rPois   .            (no helmet)
rElec   .            (no cloak)
rCorr   .            (no gloves)
SInv    .            (no boots)
Will    .....        (no amulet) Stlth
                     (no ring)
HPRegen 0.26/turn    (no ring)
MPRegen 0.09/turn

%: no passive effects
@: no status effects
A: no striking features
a: no special abilities


You were on level 3 of the Dungeon.
You visited 1 branch of the dungeon, and saw 3 of its levels.

You collected 60 gold pieces.

Inventory:

Hand Weapons
 a - a +1 long sword (weapon)
Armour
 b - a +0 scale mail (worn)
 c - a +0 buckler (worn)
Jewellery
 e - a ring of magical power
Scrolls
 g - a scroll of summoning {unknown}
 h - a scroll of immolation {unknown}
 k - a scroll of enchant weapon
 l - a scroll of poison {unknown}
 o - a scroll of identify {unknown}
Potions
 f - 2 potions of degeneration {unknown}
 i - 2 potions of brilliance {unknown}
 m - a potion of mutation {unknown}
 n - 2 potions of haste {unknown}
 p - a potion of ambrosia {unknown}


   Skills:
 + Level 4.4 Fighting
 + Level 3.6 Long Blades
 + Level 3.7 Armour
 + Level 0.4 Dodging
 + Level 3.8 Shields


You had 3 spell levels left.
You didn't know any spells.
Your spell library contained the following spells:

 Spells                   Type           Power      Damage    Failure   Level
 Dazzling Flash           Conj/Hex       0%         N/A       99%         3
 Agony                    Necr           0%         N/A       100%        5
 Silence                  Hex/Air        0%         N/A       100%        5


Dungeon Overview and Level Annotations

Branches:
Dungeon (3/15)

Altars:


Message History

You feel a little less mighty now.
The gnoll sergeant hits you with a +1 spear of flaming!
The gnoll sergeant burns you.
There is an open door, spattered with blood here.
You hit the gnoll sergeant.
The gnoll sergeant is moderately wounded.
The gnoll sergeant hits you with a +1 spear of flaming.
The gnoll sergeant burns you.
You hit the gnoll sergeant.
The gnoll sergeant is heavily wounded.
The gnoll sergeant hits you with a +1 spear of flaming!
The gnoll sergeant burns you.
* * * LOW HITPOINT WARNING * * *
You closely miss the gnoll sergeant.
The gnoll sergeant is heavily wounded.
You block the gnoll sergeant's attack.
You hit the gnoll sergeant.
The gnoll sergeant is heavily wounded.
The gnoll sergeant closely misses you. You block the gnoll sergeant's attack.
You hit the gnoll sergeant but do no damage.
The gnoll sergeant is heavily wounded.
The gnoll sergeant hits you but does no damage.
You barely miss the gnoll sergeant.
The gnoll sergeant is heavily wounded.
The gnoll sergeant hits you with a +1 spear of flaming!
* * * LOW HITPOINT WARNING * * *
The gnoll sergeant burns you.
* * * LOW HITPOINT WARNING * * *
You hit the gnoll sergeant but do no damage.
The gnoll sergeant is heavily wounded.
The gnoll sergeant barely misses you.
You hit the gnoll sergeant but do no damage.
The gnoll sergeant is heavily wounded.
You block the gnoll sergeant's attack. The gnoll sergeant barely misses you.
You barely miss the gnoll sergeant.
The gnoll sergeant is heavily wounded.
The gnoll sergeant hits you with a +1 spear of flaming.
* * * LOW HITPOINT WARNING * * *
The gnoll sergeant burns you.
You die...

♣♣♣♣♣♣ ♣...)♣♣
#####..♣♣♣
#...#....♣♣♣ ###
##...#..♣..)♣♣#.#
#.).g@..........#
##...#.♣....♣♣#)#
#...#..).♣♣♣ #.#
#####..♣♣♣ #.#
♣))..♣♣ #.#
♣♣♣♣♣♣ #?# #.#
#<#
..............


You could see a gnoll sergeant.

Vanquished Creatures
  A jelly (D:2)
  2 adders (D:2)
  A gnoll (D:3)
  5 endoplasms
  2 giant cockroaches (D:1)
  3 goblins
  6 hobgoblins (D:1)
  2 quokkas
  6 ball pythons
  4 bats
  A frilled lizard (D:3)
  5 kobolds
  5 rats
43 creatures vanquished.

Notes
Turn   | Place    | Note
-------+----------+-------------------------------------------
     0 | D:1      | Alfie the Hill Orc Fighter began the quest for the Orb.
     0 | D:1      | Reached XP level 1. HP: 19/19 MP: 1/1
    76 | D:1      | Reached XP level 2. HP: 27/27 MP: 2/2
   828 | D:2      | Reached XP level 3. HP: 33/33 MP: 3/3
   830 | D:2      | Reached skill level 4 in Fighting
   890 | D:2      | Reached XP level 4. HP: 29/41 MP: 4/4
  1637 | D:3      | Found the +5 woodcutter's axe
  1637 | D:3      | Noticed a gnoll sergeant
  1647 | D:3      | HP: 1/41 [gnoll sergeant/+1 spear of flaming (4)]
  1647 | D:3      | Slain by a gnoll sergeant

Illustrated notes

Levels and vault maps discovered:
D:1:      erik_arrival_cave_to_civilisation [erik_arrival_cave_to_hall],
          layout_rooms
D:2:      layout_loops_ring, minmay_small_reverse_x
D:3:      layout_basic, fedhas_ov_isle_minmay, kennysheep_orc_sif_temple,
          nicolae_hepliaklqana_hazy_memory,
          chequers_ecumenical_altar_simple_redux, pf_guarded_unrand_woodcutter

Skill      XL: |  1  2  3 |
---------------+----------+-----
Fighting       | 4 |  4.4
Long Blades    | 3 |  3.6
Armour         | |  3.7
Dodging        | |  0.4
Shields        | |  3.8

Action                     |  1- 3 |  4- 6 || total
---------------------------+-------+-------++-------
  Melee: Long sword        |    72 |    66 ||   138
    Use: Scroll            |       |     2 ||     2
         Potion            |       |     1 ||     1
 Armour: Scale mail        |    57 |    65 ||   122
  Dodge: Dodged            |    39 |    41 ||    80
  Block: Buckler           |    24 |    16 ||    40

Table legend: (Time is in decaauts)
 A = Elapsed time spent in this place.
 B = Non-inter-level travel time spent in this place.
 C = Inter-level travel time spent in this place.
 D = Time resting spent in this place.
 E = Time spent auto-exploring this place.
 F = Levels seen in this place.
 G = Mean time per level.
                   A        B        C        D        E       F      G
               +--------+--------+--------+--------+--------+-----+--------+
         Total |   1684 |   1569 |    115 |      0 |   1157 |   3 |  561.3 |
       Dungeon |   1684 |   1569 |    115 |      0 |   1157 |   3 |  561.3 |
               +--------+--------+--------+--------+--------+-----+--------+

Top non-repeatable levels by time:
     D:1: 822 daAuts
     D:2: 700 daAuts
     D:3: 161 daAuts
